 Dungeon Crawl Stone Soup version 0.26.1-11-gd32895ea62 (webtiles) character file.

Game seed: 6384710109854068798

11 Elvor the Sneak (level 2, -3/19 HPs)
             Began as a Gargoyle Delver on Apr 15, 2021.
             Slain by an orc
             ... wielding a +0 flail of protection
              (7 damage)
             ... on level 5 of the Dungeon.
             The game lasted 00:01:55 (289 turns).

Elvor the Sneak (Gargoyle Delver)                    Turns: 289, Time: 00:01:55

Health: -3/19      AC:  5    Str: 15    XL:     2   Next: 29%
Magic:  2/2        EV: 11    Int: 10    God:
Gold:   31         SH:  0    Dex: 11    Spells: 1/1 levels left

rFire    . . .     SeeInvis .   a - +0 mace
rCold    . . .     Faith    .   (no shield)
rNeg     + . .     Spirit   .   b - +0 leather armour
rPois    ∞         Reflect  .   (no helmet)
rElec    +         Harm     .   (no cloak)
rCorr    .         Rampage  .   (no gloves)
Will     .....                  (no boots)
Stlth    +++.......             (no amulet)
HPRegen  0.06/turn              (no ring)
MPRegen  0.08/turn              (no ring)

@: no status effects
A: negative energy resistance 1, electricity resistance, unbreathing,
petrification resistance, miasma immunity, AC +2
a: no special abilities


You were on level 5 of the Dungeon.
You visited 1 branch of the dungeon, and saw 1 of its levels.

You collected 31 gold pieces.

Inventory:

Hand Weapons
 a - a +0 mace (weapon)
Armour
 b - a +0 leather armour (worn)
Wands
 g - a wand of digging (3)
Scrolls
 c - a scroll of fog
 d - a scroll of magic mapping
 e - a scroll of fear
 h - a scroll of immolation {unknown}
Potions
 f - a potion of haste


   Skills:
 + Level 3.3 Fighting
 * Level 2.1 Maces & Flails
 + Level 1.6 Dodging
 + Level 5.9 Stealth


You had one spell level left.
You didn't know any spells.
Your spell library was empty.

Dungeon Overview and Level Annotations

Branches:
Dungeon (5/15)
 Temple: D:4-7

Altars:
Kikubaaqudgha
The Shining One

Shops:
D:5 }

Annotations:
D:5 1 transporter


Innate Abilities, Weirdness & Mutations

You are resistant to torment.
Your stone body is resilient. (AC +2)
You are immune to poison.
You resist negative energy. (rN+)
You are resistant to electric shocks. (rElec)
You can survive without breathing.
You are immune to petrification.
You are immune to miasma.


Message History

Deactivating autopickup; reactivate with Ctrl-A.
Something hits you but does no damage.
You barely miss the orc. Something hits you. Something shocks you. You resist.
The orc hits you but does no damage. Something hits you. Something shocks you.
You resist.
* * * LOW HITPOINT WARNING * * *
You closely miss the orc.
The orc shouts!
The orc closely misses you. Something hits you but does no damage.
You hit the orc.
The orc is lightly wounded.
The orc hits you with a +0 flail of protection.
* * * LOW HITPOINT WARNING * * *
A sky beast appears from thin air!
Reactivating autopickup.
The sky beast misses you.
You barely miss the orc.
The orc is lightly wounded.
The orc hits you with a +0 flail of protection!
You die...

#.##..#....©....#.
#.##..#.##...##.#.
#######.##..#o##...##.#.
#.....#.##..#WB......©#.
#.o......(..##8.)|$.8##.
#..<..o...#..#########..
#..o..oo..#......©......
.....#o###.####...#####
#### #@# #.#...........
#Y# #.#.#########. #.#
#.#.# #....#. #.# #.#.#
#.#.... ######## #..
#.#.####.#..#† #......#
### #.#......#....
#.####.# #.............
#.#
#.###################....
#.# #..........).Y ......


You could see a sky beast and 4 orcs.

Vanquished Creatures
  An adder (D:5)
  A ball python (D:5)
  A giant cockroach (D:5)
3 creatures vanquished.

Notes
Turn   | Place    | Note
-------+----------+-------------------------------------------
     0 | D:5      | Elvor the Gargoyle Delver began the quest for the Orb.
     0 | D:5      | Reached XP level 1. HP: 14/14 MP: 1/1
    12 | D:5      | Found an ancient bone altar of Kikubaaqudgha.
    19 | D:5      | Found a glowing golden altar of the Shining One.
    81 | D:5      | Found Viptome's Gadget Boutique.
    84 | D:5      | Found a transporter.
   161 | D:5      | Noticed a sky beast
   222 | D:5      | Noticed a worker ant
   227 | D:5      | Noticed a phantom
   237 | D:5      | Reached XP level 2. HP: 11/19 MP: 2/2
   277 | D:5      | Noticed a centaur
   282 | D:5      | Noticed a sky beast
   289 | D:5      | Slain by an orc

Illustrated notes

Levels and vault maps discovered:
D:5:      layout_basic, grunt_temple_overflow_open, serial_shops, shop,
          gammafunk_ghost_arena, uniq_ijyb

Action                   || total
-------------------------++-------
Melee: Mace              ||    15
 Stab: Sleeping          ||     1
Armor: Leather armour    ||     6
Dodge: Dodged            ||     9
